cohdb
Replays
Latest Replays
All Replays
Popular Replays
Top Player Replays
Match Explorer
How It Works
Community
CoH3 Stats
Reddit
Sign in to upload your games and track your stats! →
Sign in with Steam
Match 46616455
Unlisted
Match 46616455
Overview
Messages
Build Orders
End
Construct Section Command Post
Selects Air and Sea Battlegroup
Dingo Light Scout Car
Dingo Light Scout Car
Dingo Light Scout Car
Dingo Light Scout Car
Selects Supply Surplus
Royal Engineer Section
Construct Platoon Command Post
Construct Field Infirmary
Unlock Bishop Self-propelled Artillery
Construct Field Infirmary
Bishop Self-propelled Artillery
6-pounder Anti-tank Gun Team
6-pounder Anti-tank Gun Team
Jm200092
Kikastis
Miudai
Six
jun001122
(KCC)MGfirst
HardCarry Hiv
杀马特
0
0
Comments
sign in to comment!
No comments posted yet!